Condors vs Islanders

Created - 9 décembre 2023 at 10:44

Goals
1 2 3 T
Condors 0 0 0 0
Islanders 0 0 2 2
Shots
1 2 3 T
Condors 7 1 1 9
Islanders 6 2 10 18

GoalsPenalties
1st period
No Goal
Mitchell Vande Sompel (NYI) for Interference (Minor) at 13:56
Mitchell Vande Sompel (NYI) for Interference (Minor) at 16:34
2nd period
No Goal
No Penalty
3rd period
1. Islanders , Matt Coronato 12 (Alexander Nylander 21) at 10:21 (PP)
2. Islanders , Matt Coronato 13 (Libor Hajek 8, Alexander Nylander 22) at 11:03 (PP)
Alexander True (EDM) for Roughing (Minor) at 10:06
Max Jones (EDM) for Interference (Minor) at 10:52
Hunter McKown (EDM) for Holding (Minor) at 11:20
Goalie Stats
Hunter Shepard (EDM), 16 saves from 18 shots - (0,889), L, 7-7-2, 60:00 minutes
Hugo Alnefelt (NYI), 9 saves from 9 shots - (1,000), W, 20-23-4, 60:00 minutes
3 StarsOfficial
1 - Matt Coronato (NYI)
2 - Hugo Alnefelt (NYI)
3 - Alexander Nylander (NYI)
Referees : MacKenzie Welter and Chelsea Rapin
Linesman : Travis Toomey and Bevan Mills
Game Note
No Game Note



Team Name Goals Shots Shots Attemp Shots Blocked PIM HIT PP PK FO%
Condors 092356210 / 2 (0%)250%
Islanders 2183164172 / 3 (67%)050%

Condors
Player Name POS G A P +/- PIM HIT SHT SB MP PP MP PP SHT PK MP PK SHT FO% FOT GA TA
Alexander TrueC/RW0000242018:581:5600:32044% 911
Brandon ScanlinD000000000:000:0000:0000% 000
Brayden PachalD0000010020:081:5300:4900% 000
Connor BunnamanC/LW0000030019:151:5601:0100% 101
Dmitri SamorukovD0000000014:240:0700:0000% 000
Egor AfanasyevC/LW000000007:260:0000:0000% 000
Grant HuttonD0000000018:371:5300:4900% 000
Hunter McKownC0000220020:491:5500:26036% 1100
James HamblinC/RW0000031018:071:5600:000100% 100
Jonathan AspirotD0000001321:472:0501:3600% 000
Max JonesLW/RW0000201022:022:0210:080100% 110
Nick BlankenburgD0000001225:082:0501:3600% 021
Nick WolffD0000020014:030:0000:0000% 000
Tristen NielsenC0000012014:280:0000:00050% 210
Ty TullioRW0000050016:130:0700:0000% 100
Vasili PonomarevC0000000014:410:0000:550100% 310
Walker DuehrRW0000001021:521:5501:48057% 701
Zack HayesD000000009:340:0000:0000% 001
Islanders
Player Name POS G A P +/- PIM HIT SHT SB MP PP MP PP SHT PK MP PK SHT FO% FOT GA TA
Alexander NylanderC/LW/RW0220012019:241:4710:00053% 1901
Brandon GignacLW0000011014:100:3801:3800% 000
Brent Gates Jr.C0000011018:290:3801:24043% 701
Cole CasselsC0000020017:020:0000:270100% 110
David FarranceD0000030020:200:2701:2500% 001
Grigori DenisenkoLW/RW0000031017:320:3800:0000% 000
Henri NikkanenC000000000:210:0000:0000% 000
Jack DoughertyD0000000018:210:4202:4200% 010
Jackson CatesC000000003:290:0000:0000% 000
Jakub GalvasD0000000219:490:0001:1600% 000
Libor HajekD0110010425:311:5802:3300% 001
Matt CoronatoRW2020013023:241:4732:07050% 400
Mitchell Vande SompelD0000400024:211:4300:0000% 011
Ryan SchmelzerC0000011015:290:0000:0000% 110
Seth BartonD0000000011:380:0000:0000% 000
Steven FogartyC/RW0000027022:581:4712:04050% 411
Taro HiroseLW000001007:540:0000:1600% 000
Tyler MaddenC0000002015:480:0000:0000% 000

Condors

5 vs 5 Forward
Line #Left WingCenterRight WingPHYDFOFWanted %Time %Time Play
1Max JonesHunter McKownWalker Duehr1224025%13:37
2Connor BunnamanAlexander TrueJames Hamblin1223030%16:08
3Max JonesTristen NielsenTy Tullio1222026%14:06
4Walker DuehrVasili PonomarevHunter McKown1221018%9:46
5 vs 5 Defense
Line #DefenseDefensePHYDFOFWanted %Time %Time Play
1Nick BlankenburgJonathan Aspirot1224034%18:05
2Brayden PachalGrant Hutton1223030%16:18
3Nick BlankenburgZack Hayes1222014%7:17
4Nick WolffDmitri Samorukov1221022%11:57
Power Play Forward
Line #Left WingCenterRight WingPHYDFOFWanted %Time %Time Play
1Max JonesHunter McKownWalker Duehr1226051%2:02
2Connor BunnamanAlexander TrueJames Hamblin1224049%1:56
Power Play Defense
Line #DefenseDefensePHYDFOFWanted %Time %Time Play
1Nick BlankenburgJonathan Aspirot1226053%2:05
2Brayden PachalGrant Hutton1224047%1:53
Penalty Kill 4 Players Forward
Line #CenterWingPHYDFOFWanted %Time %Time Play
1Walker DuehrHunter McKown12260100%2:25
2Alexander TrueTristen Nielsen122400%0:00
Penalty Kill 4 Players Defense
Line #DefenseDefensePHYDFOFWanted %Time %Time Play
1Nick BlankenburgJonathan Aspirot1226066%1:36
2Brayden PachalGrant Hutton1224034%0:49
Penalty Kill 3 Players
Line #WingPHYDFOFWanted %Time %Time PlayDefenseDefensePHYDFOFWanted %Time %Time Play
1Walker Duehr122600%0:00 Nick BlankenburgJonathan Aspirot122600%0:00
2Hunter McKown122400%0:00 Brayden PachalGrant Hutton122400%0:00
4 vs 4 Forward
Line #CenterWingPHYDFOFWanted %Time %Time Play
1Walker DuehrHunter McKown122600%0:00
2Alexander TrueTristen Nielsen122400%0:00
4 vs 4 Defense
Line #DefensePHYDFOFWanted %Time %Time Play
1Nick BlankenburgJonathan Aspirot122600%0:00
2Brayden PachalGrant Hutton122400%0:00
Last Minutes Offensive
Left WingCenterRight WingDefenseDefense
Max JonesHunter McKownWalker DuehrNick BlankenburgJonathan Aspirot
Last Minutes Defensive
Left WingCenterRight WingDefenseDefense
Max JonesHunter McKownWalker DuehrNick BlankenburgJonathan Aspirot
Time
Total ForwardTotal DefenseLast Minutes OffensiveLast Minutes Defensive
60:00 60:00 0:000:00
Extra Forwards
Normal PowerPlayPenalty Kill
Ty Tullio, Walker Duehr, Vasili PonomarevTy Tullio, Hunter McKownVasili Ponomarev
Extra Defensemen
Normal PowerPlayPenalty Kill
Nick Blankenburg, Zack Hayes, Nick WolffNick Blankenburg, Zack HayesNick Wolff
Penalty Shots
Walker Duehr, Hunter McKown, Alexander True, Tristen Nielsen, James Hamblin
Goalie
Hunter Shepard, Akira Schmid
Scratches
Nikolai Knyzhov (Broken Bone (Left Ankle) Injury), Austin Rueschhoff (Healthy), Andre Lee (Healthy), Cole Fonstad (Healthy), Patrick Giles (Healthy) Cole Krygier (Healthy), Filip Roos (Healthy), Jack St. Ivany (Healthy), Jordan Frasca (Healthy), Luke Toporowski (Healthy) Navrin Mutter (Healthy), Olle Eriksson Ek (Healthy), Ryan Fanti (Healthy), Pavel Cajan (Healthy)

Islanders

5 vs 5 Forward
Line #Left WingCenterRight WingPHYDFOFWanted %Time %Time Play
1Matt CoronatoAlexander NylanderSteven Fogarty1224032%17:00
2Cole CasselsSteven FogartyMatt Coronato1223030%16:11
3Ryan SchmelzerSteven FogartyMatt Coronato1222018%9:46
4Tyler MaddenSteven FogartyMatt Coronato1221020%10:40
5 vs 5 Defense
Line #DefenseDefensePHYDFOFWanted %Time %Time Play
1Mitchell Vande SompelLibor Hajek1224031%16:38
2David FarranceLibor Hajek1223033%17:44
3Jakub GalvasMitchell Vande Sompel1222024%12:40
4Libor HajekJack Dougherty1221012%6:35
Power Play Forward
Line #Left WingCenterRight WingPHYDFOFWanted %Time %Time Play
1Matt CoronatoAlexander NylanderSteven Fogarty12260100%2:25
2Matt CoronatoAlexander NylanderSteven Fogarty122400%0:00
Power Play Defense
Line #DefenseDefensePHYDFOFWanted %Time %Time Play
1Mitchell Vande SompelLibor Hajek1226071%1:43
2Libor HajekJack Dougherty1224029%0:42
Penalty Kill 4 Players Forward
Line #CenterWingPHYDFOFWanted %Time %Time Play
1Matt CoronatoSteven Fogarty1226093%3:42
2Steven FogartyMatt Coronato122407%0:16
Penalty Kill 4 Players Defense
Line #DefenseDefensePHYDFOFWanted %Time %Time Play
1Mitchell Vande SompelLibor Hajek12260100%3:58
2Libor HajekJack Dougherty122400%0:00
Penalty Kill 3 Players
Line #WingPHYDFOFWanted %Time %Time PlayDefenseDefensePHYDFOFWanted %Time %Time Play
1Steven Fogarty122600%0:00 Jack DoughertyLibor Hajek122600%0:00
2Steven Fogarty122400%0:00 Libor HajekMitchell Vande Sompel122400%0:00
4 vs 4 Forward
Line #CenterWingPHYDFOFWanted %Time %Time Play
1Matt CoronatoSteven Fogarty122600%0:00
2Steven FogartyMatt Coronato122400%0:00
4 vs 4 Defense
Line #DefensePHYDFOFWanted %Time %Time Play
1Libor HajekMitchell Vande Sompel122600%0:00
2Libor HajekMitchell Vande Sompel122400%0:00
Last Minutes Offensive
Left WingCenterRight WingDefenseDefense
Matt CoronatoAlexander NylanderSteven FogartyMitchell Vande SompelLibor Hajek
Last Minutes Defensive
Left WingCenterRight WingDefenseDefense
Matt CoronatoAlexander NylanderSteven FogartyMitchell Vande SompelLibor Hajek
Time
Total ForwardTotal DefenseLast Minutes OffensiveLast Minutes Defensive
60:00 60:00 0:000:00
Extra Forwards
Normal PowerPlayPenalty Kill
Steven Fogarty, Alexander Nylander, Matt CoronatoMatt Coronato, Steven FogartySteven Fogarty
Extra Defensemen
Normal PowerPlayPenalty Kill
David Farrance, Libor Hajek, Jack DoughertyLibor Hajek, Jack DoughertyLibor Hajek
Penalty Shots
Alexander Nylander, Matt Coronato, Steven Fogarty, Ryan Schmelzer, Cole Cassels
Goalie
Hugo Alnefelt, Dennis Hildeby
Scratches
Seth Helgeson (Sprained Right Ankle Injury), Dmitry Osipov (Healthy), John Moore (Healthy), Jordy Bellerive (Sprained Left Knee Injury), Kody Clark (Healthy) Matthew Strome (Healthy), Brendan Warren (Healthy), Cameron Hillis (Healthy), Cedric Lacroix (Healthy), Hayden Hodgson (Healthy) Hunter Jones (Healthy)


Play-by-Play

1st period


0:01 of 1st period - Hunter McKown wins face-off versus Alexander Nylander in neutral zone.
0:14 of 1st period - Slapshot by Steven Fogarty.
0:14 of 1st period - Stopped by Hunter Shepard without a rebound.
0:15 of 1st period - Alexander True wins face-off versus Steven Fogarty in Condors zone.
0:15 of 1st period - Alexander True is hit by Steven Fogarty.
0:21 of 1st period - Snap shot by Alexander True.
0:21 of 1st period - Stopped by Hugo Alnefelt with a rebound.
0:25 of 1st period - Wrist shot by James Hamblin.
0:25 of 1st period - Shot Misses the Net.
0:51 of 1st period - Icing by Grant Hutton.
0:52 of 1st period - Vasili Ponomarev wins face-off versus Alexander Nylander in Condors zone.
1:14 of 1st period - Off-side.
1:15 of 1st period - Steven Fogarty wins face-off versus Tristen Nielsen in neutral zone.
1:22 of 1st period - Slapshot by Steven Fogarty.
1:22 of 1st period - Stopped by Hunter Shepard with a rebound.
1:25 of 1st period - Icing by Jonathan Aspirot.
1:26 of 1st period - Alexander Nylander wins face-off versus Ty Tullio in Condors zone.
2:27 of 1st period - Hunter McKown is hit by Brent Gates Jr. and loses puck.
2:55 of 1st period - Libor Hajek is hit by Alexander True.
4:35 of 1st period - Max Jones is hit by Steven Fogarty and loses puck.
9:48 of 1st period - Icing by Matt Coronato.
9:49 of 1st period - Cole Cassels wins face-off versus Hunter McKown in Islanders zone.
9:51 of 1st period - Icing by Steven Fogarty.
9:52 of 1st period - Alexander True wins face-off versus Steven Fogarty in Islanders zone.
10:21 of 1st period - Nick Blankenburg is hit by Cole Cassels and loses puck.
10:48 of 1st period - Wrist shot by Matt Coronato.
10:48 of 1st period - Shot Misses the Net.
11:20 of 1st period - Snap shot by Ryan Schmelzer.
11:20 of 1st period - Stopped by Hunter Shepard with a rebound.
11:30 of 1st period - Wrist shot by Tyler Madden.
11:30 of 1st period - Shot Misses the Net.
11:52 of 1st period - Slapshot by James Hamblin.
11:52 of 1st period - Deflect By Connor Bunnaman.
11:52 of 1st period - Shot Misses the Net.
11:52 of 1st period - Puck is out of play.
11:53 of 1st period - Brent Gates Jr. wins face-off versus Alexander True in Islanders zone.
12:00 of 1st period - Wrist shot by James Hamblin.
12:00 of 1st period - Shot Blocked by Libor Hajek.
12:02 of 1st period - Snap shot by Alexander True.
12:02 of 1st period - Shot Blocked by Libor Hajek.
12:04 of 1st period - Slapshot by Jonathan Aspirot.
12:04 of 1st period - Stopped by Hugo Alnefelt without a rebound.
12:05 of 1st period - Alexander True wins face-off versus Brent Gates Jr. in Islanders zone.
12:06 of 1st period - Wrist shot by James Hamblin.
12:06 of 1st period - Stopped by Hugo Alnefelt without a rebound.
12:07 of 1st period - Brent Gates Jr. wins face-off versus Connor Bunnaman in Islanders zone.
12:07 of 1st period - Brent Gates Jr. is hit by Connor Bunnaman.
12:33 of 1st period - Wrist shot by Tyler Madden.
12:33 of 1st period - Stopped by Hunter Shepard with a rebound.
12:45 of 1st period - Snap shot by Tyler Madden.
12:45 of 1st period - Shot Misses the Net.
12:47 of 1st period - Wrist shot by Brent Gates Jr..
12:47 of 1st period - Stopped by Hunter Shepard with a rebound.
12:49 of 1st period - Slapshot by Grigori Denisenko.
12:49 of 1st period - Shot Blocked by Jonathan Aspirot.
12:51 of 1st period - Wrist shot by Brent Gates Jr..
12:51 of 1st period - Shot Misses the Net.
12:53 of 1st period - Backhand shot by Tyler Madden.
12:53 of 1st period - Stopped by Hunter Shepard with a rebound.
13:13 of 1st period - Snap shot by Walker Duehr.
13:13 of 1st period - Stopped by Hugo Alnefelt with a rebound.
13:29 of 1st period - Wrist shot by Max Jones.
13:29 of 1st period - Shot Misses the Net.
13:31 of 1st period - Snap shot by Max Jones.
13:31 of 1st period - Shot Misses the Net.
13:33 of 1st period - Snap shot by Nick Blankenburg.
13:33 of 1st period - Deflect By Max Jones.
13:33 of 1st period - Shot Blocked by Libor Hajek.
13:33 of 1st period - Puck is out of play.
13:34 of 1st period - Alexander Nylander wins face-off versus Alexander True in Islanders zone.
13:56 of 1st period - Minor Penalty to Mitchell Vande Sompel for Interference.
13:57 of 1st period - Matt Coronato wins face-off versus Alexander True in Islanders zone.
13:57 of 1st period - Matt Coronato is hit by Connor Bunnaman.
15:16 of 1st period - Icing by Grant Hutton.
15:17 of 1st period - Hunter McKown wins face-off versus Matt Coronato in Condors zone.
15:56 of 1st period - Penalty to Mitchell Vande Sompel is over, Mitchell Vande Sompel is back on ice.
16:13 of 1st period - Snap shot by Tristen Nielsen.
16:13 of 1st period - Stopped by Hugo Alnefelt with a rebound.
16:15 of 1st period - Slapshot by Vasili Ponomarev.
16:15 of 1st period - Shot Misses the Net.
16:17 of 1st period - Wrist shot by Vasili Ponomarev.
16:17 of 1st period - Deflect By Tristen Nielsen.
16:17 of 1st period - Stopped by Hugo Alnefelt without a rebound.
16:18 of 1st period - Tristen Nielsen wins face-off versus Alexander Nylander in Islanders zone.
16:21 of 1st period - Snap shot by Tristen Nielsen.
16:21 of 1st period - Deflect By Vasili Ponomarev.
16:21 of 1st period - Shot Blocked by Jakub Galvas.
16:21 of 1st period - Puck is out of play.
16:22 of 1st period - Alexander True wins face-off versus Alexander Nylander in Islanders zone.
16:25 of 1st period - Wrist shot by Nick Blankenburg.
16:25 of 1st period - Shot Blocked by Jakub Galvas.
16:34 of 1st period - Minor Penalty to Mitchell Vande Sompel for Interference.
16:35 of 1st period - Hunter McKown wins face-off versus Matt Coronato in Islanders zone.
16:35 of 1st period - Snap shot by Max Jones.
16:35 of 1st period - Stopped by Hugo Alnefelt with a rebound.
16:37 of 1st period - Wrist shot by Max Jones.
16:37 of 1st period - Deflect By Walker Duehr.
16:37 of 1st period - Shot Misses the Net.
16:37 of 1st period - Puck is out of play.
16:38 of 1st period - Matt Coronato wins face-off versus Hunter McKown in Islanders zone.
18:34 of 1st period - Penalty to Mitchell Vande Sompel is over, Mitchell Vande Sompel is back on ice.
19:11 of 1st period - Tristen Nielsen is hit by Grigori Denisenko and loses puck.
19:54 of 1st period - Tristen Nielsen is hit by Matt Coronato and loses puck.
Goals for this period are 0 for Condors vs 0 for Islanders.
Shots for this period are 7 for Condors vs 6 for Islanders.

2nd period


0:01 of 2nd period - Alexander Nylander wins face-off versus Hunter McKown in neutral zone.
0:06 of 2nd period - Slapshot by Mitchell Vande Sompel.
0:06 of 2nd period - Shot Misses the Net.
0:31 of 2nd period - Snap shot by Alexander True.
0:31 of 2nd period - Stopped by Hugo Alnefelt with a rebound.
0:54 of 2nd period - Max Jones is hit by Ryan Schmelzer and loses puck.
1:20 of 2nd period - Brandon Gignac is hit by Connor Bunnaman and loses puck.
2:04 of 2nd period - Cole Cassels is hit by Hunter McKown and loses puck.
4:16 of 2nd period - Brayden Pachal is hit by Brandon Gignac and loses puck.
5:18 of 2nd period - Alexander True is hit by Cole Cassels and loses puck.
6:38 of 2nd period - Zack Hayes is hit by Grigori Denisenko and loses puck.
9:30 of 2nd period - Egor Afanasyev is hit by Grigori Denisenko and loses puck.
10:56 of 2nd period - Seth Barton is hit by Alexander True and loses puck.
12:13 of 2nd period - Jonathan Aspirot is hit by David Farrance and loses puck.
13:38 of 2nd period - Icing by Zack Hayes.
13:39 of 2nd period - Vasili Ponomarev wins face-off versus Alexander Nylander in Condors zone.
13:44 of 2nd period - Mitchell Vande Sompel is hit by Nick Wolff and loses puck.
14:47 of 2nd period - Alexander Nylander is hit by Alexander True and loses puck.
17:49 of 2nd period - Cole Cassels is hit by Ty Tullio and loses puck.
18:02 of 2nd period - Brayden Pachal is hit by David Farrance and loses puck.
18:10 of 2nd period - Icing by Hunter McKown.
18:11 of 2nd period - Vasili Ponomarev wins face-off versus Brent Gates Jr. in Condors zone.
18:23 of 2nd period - Tyler Madden is hit by James Hamblin and loses puck.
18:57 of 2nd period - Icing by Nick Wolff.
18:58 of 2nd period - Max Jones wins face-off versus Ryan Schmelzer in Condors zone.
18:58 of 2nd period - Max Jones is hit by David Farrance.
19:04 of 2nd period - Cole Cassels is hit by Nick Wolff and loses puck.
19:17 of 2nd period - Wrist shot by Steven Fogarty.
19:17 of 2nd period - Deflect By Brandon Gignac.
19:17 of 2nd period - Stopped by Hunter Shepard with a rebound.
19:23 of 2nd period - Jakub Galvas is hit by Tristen Nielsen.
19:43 of 2nd period - Snap shot by Grigori Denisenko.
19:43 of 2nd period - Stopped by Hunter Shepard without a rebound.
19:44 of 2nd period - James Hamblin wins face-off versus Brent Gates Jr. in Condors zone.
19:55 of 2nd period - Wrist shot by Alexander True.
19:55 of 2nd period - Shot Misses the Net.
19:58 of 2nd period - Icing by Jack Dougherty.
19:59 of 2nd period - Hunter McKown wins face-off versus Brent Gates Jr. in Islanders zone.
Goals for this period are 0 for Condors vs 0 for Islanders.
Shots for this period are 1 for Condors vs 2 for Islanders.

3rd period


0:01 of 3rd period - Alexander Nylander wins face-off versus Hunter McKown in neutral zone.
0:12 of 3rd period - Wrist shot by Steven Fogarty.
0:12 of 3rd period - Stopped by Hunter Shepard with a rebound.
0:14 of 3rd period - Snap shot by Steven Fogarty.
0:14 of 3rd period - Stopped by Hunter Shepard without a rebound.
0:15 of 3rd period - Steven Fogarty wins face-off versus Hunter McKown in Condors zone.
0:30 of 3rd period - Wrist shot by Steven Fogarty.
0:30 of 3rd period - Stopped by Hunter Shepard without a rebound.
0:31 of 3rd period - Alexander Nylander wins face-off versus Alexander True in Condors zone.
0:32 of 3rd period - Snap shot by Steven Fogarty.
0:32 of 3rd period - Shot Blocked by Jonathan Aspirot.
0:56 of 3rd period - Mitchell Vande Sompel is hit by Hunter McKown and loses puck.
1:20 of 3rd period - Ty Tullio is hit by Libor Hajek and loses puck.
2:28 of 3rd period - Matt Coronato is hit by Ty Tullio and loses puck.
3:05 of 3rd period - Jakub Galvas is hit by Ty Tullio and loses puck.
3:57 of 3rd period - David Farrance is hit by James Hamblin and loses puck.
4:38 of 3rd period - Cole Cassels is hit by Brayden Pachal and loses puck.
6:35 of 3rd period - Dmitri Samorukov is hit by Taro Hirose and loses puck.
7:42 of 3rd period - Jonathan Aspirot is hit by Alexander Nylander and loses puck.
7:55 of 3rd period - Jakub Galvas is hit by Ty Tullio and loses puck.
8:13 of 3rd period - Snap shot by Matt Coronato.
8:13 of 3rd period - Shot Misses the Net.
8:15 of 3rd period - Slapshot by Libor Hajek.
8:15 of 3rd period - Shot Hit the Post.
8:17 of 3rd period - Snap shot by Alexander Nylander.
8:17 of 3rd period - Deflect By Steven Fogarty.
8:17 of 3rd period - Stopped by Hunter Shepard without a rebound.
8:18 of 3rd period - Brent Gates Jr. wins face-off versus Alexander True in Condors zone.
9:16 of 3rd period - Mitchell Vande Sompel is hit by Alexander True and loses puck.
10:06 of 3rd period - Minor Penalty to Alexander True for Roughing.
10:07 of 3rd period - Alexander Nylander wins face-off versus Walker Duehr in Condors zone.
10:11 of 3rd period - Snap shot by Alexander Nylander.
10:11 of 3rd period - Stopped by Hunter Shepard with a rebound.
10:13 of 3rd period - Slapshot by Steven Fogarty.
10:13 of 3rd period - Deflect By Matt Coronato.
10:13 of 3rd period - Stopped by Hunter Shepard without a rebound.
10:14 of 3rd period - Alexander Nylander wins face-off versus Walker Duehr in Condors zone.
10:19 of 3rd period - Wrist shot by Matt Coronato.
10:19 of 3rd period - Shot Blocked by Jonathan Aspirot.
10:21 of 3rd period - Slapshot by Matt Coronato.
10:21 of 3rd period - Goal by Matt Coronato - Condors : 0 - Islanders : 1.
10:22 of 3rd period - Alexander Nylander wins face-off versus Hunter McKown in neutral zone.
10:29 of 3rd period - Slapshot by Alexander Nylander.
10:29 of 3rd period - Stopped by Hunter Shepard with a rebound.
10:31 of 3rd period - Snap shot by Steven Fogarty.
10:31 of 3rd period - Deflect By Alexander Nylander.
10:31 of 3rd period - Shot Blocked by Nick Blankenburg.
10:31 of 3rd period - Puck is out of play.
10:32 of 3rd period - Alexander Nylander wins face-off versus Hunter McKown in Condors zone.
10:43 of 3rd period - Slapshot by Nick Blankenburg.
10:43 of 3rd period - Stopped by Hugo Alnefelt with a rebound.
10:52 of 3rd period - Minor Penalty to Max Jones for Interference.
10:53 of 3rd period - Alexander Nylander wins face-off versus Walker Duehr in Condors zone.
11:01 of 3rd period - Slapshot by Libor Hajek.
11:01 of 3rd period - Shot Misses the Net.
11:03 of 3rd period - Slapshot by Matt Coronato.
11:03 of 3rd period - Goal by Matt Coronato - Condors : 0 - Islanders : 2.
11:04 of 3rd period - Walker Duehr wins face-off versus Alexander Nylander in neutral zone.
11:20 of 3rd period - Minor Penalty to Hunter McKown for Holding.
11:21 of 3rd period - Walker Duehr wins face-off versus Alexander Nylander in Condors zone.
11:46 of 3rd period - Icing by Alexander Nylander.
11:47 of 3rd period - Walker Duehr wins face-off versus Alexander Nylander in Islanders zone.
11:48 of 3rd period - Snap shot by Connor Bunnaman.
11:48 of 3rd period - Shot Blocked by Libor Hajek.
11:58 of 3rd period - Wrist shot by Steven Fogarty.
11:58 of 3rd period - Stopped by Hunter Shepard without a rebound.
11:59 of 3rd period - Walker Duehr wins face-off versus Alexander Nylander in Condors zone.
13:20 of 3rd period - Penalty to Hunter McKown is over, Hunter McKown is back on ice.
13:26 of 3rd period - Snap shot by Max Jones.
13:26 of 3rd period - Shot Misses the Net.
13:38 of 3rd period - Wrist shot by Ryan Schmelzer.
13:38 of 3rd period - Shot Blocked by Nick Blankenburg.
16:33 of 3rd period - Alexander Nylander is hit by Ty Tullio and loses puck.
18:17 of 3rd period - Tyler Madden is hit by James Hamblin and loses puck.
Goals for this period are 0 for Condors vs 2 for Islanders.
Shots for this period are 1 for Condors vs 10 for Islanders.